 Dungeon Crawl Stone Soup version 0.28.0-47-ge53b351184 (webtiles) character file.

Game seed: 461354141118700211

6 101zpm the Gusty (level 1, 0/13 HPs)
             Began as a Gnoll Air Elementalist on Apr 25, 2022.
             Slain by a jackal (2 damage)
             ... on level 1 of the Dungeon.
             The game lasted 00:00:43 (97 turns).

101zpm the Gusty (Gnoll Air Elementalist)             Turns: 97, Time: 00:00:44

Health: 0/13       AC:  2    Str:  7    XL:     1   Next: 90%
Magic:  0/6        EV: 13    Int: 14    God:
Gold:   0          SH:  0    Dex: 12    Spells: 8/9 levels left

rFire   . . .      SeeInvis .   (no weapon)
rCold   . . .      Faith    .   (no shield)
rNeg    . . .      Spirit   .   a - +0 robe
rPois   .          Reflect  .   (no helmet)
rElec   .          Harm     .   (no cloak)
rCorr   .          Rampage  .   (no gloves)
Will    .....                   (no boots)
Stlth   ++........              (no amulet)
HPRegen 0.04/turn               (no ring)
MPRegen 0.10/turn               (no ring)

@: no status effects
A: fangs 1, strong nose, distributed training
a: no special abilities


You were on level 1 of the Dungeon.
You visited 1 branch of the dungeon, and saw 1 of its levels.

Inventory:

Armour
 a - a +0 robe (worn)


   Skills:
 + Level 0.2 Fighting
 + Level 0.2 Short Blades
 + Level 0.2 Long Blades
 + Level 0.2 Axes
 + Level 0.2 Maces & Flails
 + Level 0.2 Polearms
 + Level 0.2 Staves
 + Level 0.2 Slings
 + Level 0.2 Bows
 + Level 0.2 Crossbows
 + Level 0.2 Throwing
 + Level 0.2 Armour
 + Level 4.4 Dodging
 + Level 4.0 Stealth
 + Level 0.2 Shields
 + Level 0.2 Unarmed Combat
 + Level 4.9 Spellcasting
 + Level 2.0 Conjurations
 + Level 0.1 Hexes
 + Level 0.1 Summonings
 + Level 0.1 Necromancy
 + Level 0.1 Translocations
 + Level 0.1 Transmutations
 + Level 0.1 Fire Magic
 + Level 0.1 Ice Magic
 + Level 5.3 Air Magic
 + Level 0.1 Earth Magic
 + Level 0.1 Poison Magic
 + Level 0.3 Invocations
 + Level 0.2 Evocations


You had 8 spell levels left.
You knew the following spells:

 Your Spells              Type           Power      Damage    Failure   Level
a - Shock                 Conj/Air       52%        1d6       4%          1

Your spell library contained the following spells:

 Spells                   Type           Power      Damage    Failure   Level
 Static Discharge         Conj/Air       13%        N/A       6%          2
 Swiftness                Air            18%        N/A       6%          3
 Airstrike                Air            9%         N/A       19%         4


Dungeon Overview and Level Annotations

Branches:
Dungeon (1/15)

Altars:


Innate Abilities, Weirdness & Mutations

You have very sharp teeth.
Your uncanny sense of smell can sniff out nearby items.
Your experience applies equally to all skills.


Message History

The jackal is moderately wounded.
The jackal barely misses you. x2
You barely miss the jackal.
The jackal is moderately wounded.
The jackal bites you.
You closely miss the jackal. You bite the jackal, but do no damage.
The jackal is moderately wounded.
The jackal bites you but does no damage.
You closely miss the jackal. Your bite misses the jackal.
The jackal is moderately wounded.
The jackal bites you but does no damage. x2
Aiming: Shock (safe; 4% risk of failure)
Press: ? - help, Q - select action Shift-Dir - straight line, f/p - jackal
Aim: a jackal (60% to hit)
Okay, then.
The jackal misses you. The jackal barely misses you.
Aiming: Shock (safe; 4% risk of failure)
Press: ? - help, Q - select action Shift-Dir - straight line, f/p - jackal
Aim: a jackal (60% to hit)
The zap hits the jackal.
You kill the jackal!
The zap misses the jackal.
The zap hits the jackal.
You kill the jackal!
Your Conjurations skill increases to level 2!
You are too injured to fight recklessly!
The ball python misses you. x2
The ball python bites you.
* * * LOW HITPOINT WARNING * * *
The ball python closely misses you. The ball python misses you.
The ball python barely misses you.
You see here 11 stones.
Aiming: Shock (safe; 4% risk of failure)
Press: ? - help, Q - select action Shift-Dir - straight line The zap hits the ball python.
The ball python is moderately wounded.
The zap hits the ball python.
You kill the ball python!
The jackal bites you.
You die...

##.## .#
#.#### ..
#....# ##
#.##.#
#(#..##
######.....##
............#
#####.h.....#
#...@<...#
............#
....#.......#
.#####......#
##.....#
.......#
........#
#........


You could see a jackal.

Vanquished Creatures
  An endoplasm (D:1)
  A hobgoblin (D:1)
  2 jackals (D:1)
  2 ball pythons (D:1)
6 creatures vanquished.

Notes
Turn   | Place    | Note
-------+----------+-------------------------------------------
     0 | D:1      | 101zpm the Gnoll Air Elementalist began the quest for the
                  | Orb.
     0 | D:1      | Reached XP level 1. HP: 13/13 MP: 6/6
    97 | D:1      | Slain by a jackal

Illustrated notes

Levels and vault maps discovered:
D:1:      dpeg_arrival_orchard, layout_loops_ring, serial_shops,
          nicolae_shop_hallway_plus, corexii_corridor_pit,
          minmay_tree_intersection

Skill      XL: |  1 |
---------------+----+-----
Conjurations   | 2 |  2.0
Fighting       | |  0.2
Short Blades   | |  0.2
Long Blades    | |  0.2
Axes           | |  0.2
Maces & Flails | |  0.2
Polearms       | |  0.2
Staves         | |  0.2
Slings         | |  0.2
Bows           | |  0.2
Crossbows      | |  0.2
Throwing       | |  0.2
Armour         | |  0.2
Dodging        | |  4.4
Stealth        | |  4.0
Shields        | |  0.2
Unarmed Combat | |  0.2
Spellcasting   | |  4.9
Hexes          | |  0.1
Summonings     | |  0.1
Necromancy     | |  0.1
Translocations | |  0.1
Transmutations | |  0.1
Fire Magic     | |  0.1
Ice Magic      | |  0.1
Air Magic      | |  5.3
Earth Magic    | |  0.1
Poison Magic   | |  0.1
Invocations    | |  0.3
Evocations     | |  0.2

Action                   || total
-------------------------++-------
Melee: Unarmed           ||    13
       Bite              ||     2
 Cast: Shock             ||    12
Armor: Robe              ||     5
Dodge: Dodged            ||    16
